 Dungeon Crawl Stone Soup version 0.28-a0-1506-g3893175d92 (webtiles) character file.

Game seed: 9289578736472982561

149 HallandMoats the Skirmisher (level 5, -3/47 HPs)
             Began as a Ghoul Fighter on Jan 14, 2022.
             Was a Priest of Jiyva.
             Slain by Duvessa (4 damage)
             ... on level 4 of the Dungeon.
             The game lasted 00:01:32 (2376 turns).

HallandMoats the Skirmisher (Ghoul Fighter)         Turns: 2376, Time: 00:01:33

Health: -3/47      AC:  6    Str: 20    XL:     5   Next: 31%
Magic:  4/4        EV:  9    Int:  5    God:    Jiyva [***...]
Gold:   105        SH:  4    Dex:  8    Spells: 4/4 levels left

rFire   . . .      SeeInvis .   a - +0 long sword
rCold   + . .      Faith    .   c - +0 buckler
rNeg    + + +      Spirit   .   b - +0 scale mail
rPois   ∞          Reflect  .   (no helmet)
rElec   .          Harm     .   (no cloak)
rCorr   +          Rampage  .   (no gloves)
Will    .....                   (no boots)
Stlth   ..........              (no amulet)
HPRegen 1.12/turn               (no ring)
MPRegen 0.44/turn               (no ring)

@: mighty, inhibited regen
A: claws 1, cold resistance 1, negative energy resistance 3, inhibited
regeneration, torment resistance 2
a: Renounce Religion, Oozemancy


You were on level 4 of the Dungeon.
You worshipped Jiyva.
Jiyva was most pleased with you.
You visited 1 branch of the dungeon, and saw 4 of its levels.

You collected 105 gold pieces.

Inventory:

Hand Weapons
 a - a +0 long sword (weapon)
Armour
 b - a +0 scale mail (worn)
 c - a +0 buckler (worn)
Scrolls
 e - 2 scrolls of enchant armour {unknown}
 f - 3 scrolls of enchant weapon {unknown}
 g - a scroll of fear {unknown}
 i - 2 scrolls of identify {unknown}
 m - a scroll of amnesia {unknown}
 n - a scroll of vulnerability {unknown}
Potions
 h - 2 potions of heal wounds {unknown}
 j - 2 potions of curing {unknown}
 k - a potion of flight {unknown}
 l - a potion of degeneration {unknown}


   Skills:
 * Level 4.3 Fighting
 * Level 2.8 Long Blades
 + Level 3.0 Armour
 + Level 1.1 Dodging
 * Level 3.5 Shields


You had 4 spell levels left.
You didn't know any spells.
Your spell library contained the following spells:

 Spells                   Type           Power      Damage    Failure   Level
 Static Discharge         Conj/Air       0%         N/A       96%         2
 Summon Ice Beast         Ice/Summ       0%         N/A       100%        4
 Lightning Bolt           Conj/Air       0%         1d11      100%        5
 Summon Mana Viper        Hex/Summ       0%         N/A       100%        5
 Dispersal                Tloc           0%         N/A       100%        6
 Monstrous Menagerie      Summ           0%         N/A       100%        7
 Disjunction              Tloc           0%         N/A       100%        8
 Maxwell's Capacitive Co  Air            0%         ∞         100%        8


Dungeon Overview and Level Annotations

Branches:
Dungeon (4/15)
 Temple: D:4-7

Altars:
Jiyva

Shops:
D:2 (

Annotations:
D:4 Dowan, Duvessa, Eustachio, Menkaure


Innate Abilities, Weirdness & Mutations

You thrive by killing the living.
You are immune to poison.
You have sharp fingernails.
Your flesh is cold resistant. (rC+)
You are immune to negative energy. (rN+++)
You do not regenerate when monsters are visible.
You are immune to unholy pain and torment.


Message History

Dowan says, "My weaknesses are her strengths!"
Duvessa says, "My weaknesses are his strengths!"
You feel very mighty all of a sudden.
You closely miss the orc. The orc hits you but does no damage.
You closely miss the orc. The orc hits you with a +0 flail.
You slash the orc!
You kill the orc!
You hit Duvessa.
Duvessa is lightly wounded.
Duvessa hits you with a +3 short sword of holy wrath.
You convulse.
Dowan casts a spell at Duvessa.
Duvessa seems to speed up.
Duvessa hits you with a +3 short sword of holy wrath!
You convulse!
You closely miss Duvessa.
Duvessa is lightly wounded.
Duvessa hits you with a +3 short sword of holy wrath.
You convulse.
Dowan casts a spell.
Dowan blinks!
Duvessa hits you with a +3 short sword of holy wrath.
* * * LOW HITPOINT WARNING * * *
You convulse.
* * * LOW HITPOINT WARNING * * *
You completely miss Duvessa.
Duvessa is lightly wounded.
You block Duvessa's attack. Duvessa closely misses you.
Unknown command.
You closely miss Duvessa.
Duvessa is lightly wounded.
Duvessa hits you with a +3 short sword of holy wrath.
* * * LOW HITPOINT WARNING * * *
You convulse.
* * * LOW HITPOINT WARNING * * *
Duvessa says, "When magic and the sword combine, nothing stands against them."
Duvessa hits you with a +3 short sword of holy wrath.
* * * LOW HITPOINT WARNING * * *
You convulse.
You die...

#.......# .......#
#.......# ......
#....<..# ......
#.......# ....>.
#.......# #. ..#
###.......# ##. #.#
###.........# # ..
#e###...#.......#
#..
#.##.ge@.###########
.....#.#..#####
..e.......#
.......##.# .......
#.# .....#. #.#
....... #.# .... ..
... ..( ... ..


You could see Duvessa (fast), Dowan and a hobgoblin.

Vanquished Creatures
  An orc priest (D:3)
  Terence (D:2)
  3 gnolls (D:2)
  4 adders
  An orc (D:4)
  3 ball pythons
  3 bats (D:3)
  2 endoplasms (D:1)
  2 giant cockroaches
  2 goblins
  A hobgoblin (D:2)
  A kobold (D:3)
  A quokka (D:1)
  2 frilled lizards
  3 rats (D:2)
30 creatures vanquished.

Vanquished Creatures (others)
  An adder (D:3)
  A worm (D:3)
  A dart slug (D:3)
  5 orcs (D:3)
  A ball python (D:3)
  An endoplasm (D:4)
  A goblin (D:3)
  2 hobgoblins (D:3)
  2 jackals (D:3)
  2 kobolds
17 creatures vanquished.

Grand Total: 47 creatures vanquished

Notes
Turn   | Place    | Note
-------+----------+-------------------------------------------
     0 | D:1      | HallandMoats the Ghoul Fighter began the quest for the Orb.
     0 | D:1      | Reached XP level 1. HP: 19/19 MP: 0/0
   716 | D:1      | Reached XP level 2. HP: 26/26 MP: 1/1
   987 | D:2      | Found Qepos's Weapon Emporium.
  1011 | D:2      | Noticed Terence
  1017 | D:2      | Killed Terence
  1018 | D:2      | Reached XP level 3. HP: 26/33 MP: 2/2
  1119 | D:2      | Found a faded altar of an unknown god.
  1172 | D:2      | Prayed at the altar of an unknown god.
  1172 | D:2      | Became a worshipper of Jiyva Jofaypoc the Shapeless
  1172 | D:2      | Reached * piety under Jiyva
  1405 | D:2      | Reached XP level 4. HP: 38/40 MP: 3/3
  1408 | D:2      | Reached skill level 4 in Fighting
  1548 | D:3      | Reached skill level 1 in Dodging
  1562 | D:3      | Reached ** piety under Jiyva
  1681 | D:3      | Reached XP level 5. HP: 46/46 MP: 4/4
  2112 | D:3      | Reached *** piety under Jiyva
  2306 | D:4      | Noticed Menkaure
  2306 | D:4      | Noticed Eustachio
  2362 | D:4      | Noticed Duvessa
  2363 | D:4      | Noticed Dowan
  2376 | D:4      | HP: 1/47 [Duvessa (3)]
  2376 | D:4      | Slain by Duvessa

Illustrated notes

Levels and vault maps discovered:
D:1:      psy_arrival_dodecagon, layout_basic, grunt_decor_cap,
          amethyst_killhole
D:2:      layout_basic, serial_shops, nicolae_diamond_shop,
          shapermc_ecumenical_altar_mp_vishouse, uniq_terence
D:3:      layout_loops_corners
D:4:      layout_rooms, kennysheep_generic_room_15, uniq_menkaure, uniq_duvessa,
          uniq_eustachio, uniq_pikel, uniq_natasha

Skill      XL: |  1  2  3  4 |
---------------+-------------+-----
Long Blades    | 2 |  2.8
Shields        | 3 |  3.5
Fighting       | 4 |  4.3
Armour         | 3 |  3.0
Dodging        | 1 |  1.1

Action                   |  1- 3 |  4- 6 || total
-------------------------+-------+-------++-------
Melee: Long sword        |    51 |    64 ||   115
  Use: Potion            |       |     1 ||     1
Armor: Scale mail        |    17 |    29 ||    46
Dodge: Dodged            |    18 |    27 ||    45
Block: Buckler           |    11 |    14 ||    25

Table legend: (Time is in decaauts)
 A = Elapsed time spent in this place.
 B = Non-inter-level travel time spent in this place.
 C = Inter-level travel time spent in this place.
 D = Time resting spent in this place.
 E = Time spent auto-exploring this place.
 F = Levels seen in this place.
 G = Mean time per level.
                   A        B        C        D        E       F      G
               +--------+--------+--------+--------+--------+-----+--------+
         Total |   2412 |   2300 |    112 |      0 |   1991 |   4 |  603.0 |
       Dungeon |   2412 |   2300 |    112 |      0 |   1991 |   4 |  603.0 |
               +--------+--------+--------+--------+--------+-----+--------+

Top non-repeatable levels by time:
     D:1: 888 daAuts
     D:3: 886 daAuts
     D:2: 596 daAuts
     D:4: 41 daAuts
